 Dungeon Crawl Stone Soup version 0.23.2-30-g0e89c35649 (webtiles) character file.

Game seed: 8730319701944342413

121 HASTUR3 the Insei (level 5, -1/33 HPs)
             Began as an Octopode Transmuter on June 14, 2019.
             Slain by Sigmund
             ... wielding a +0 scythe
              (8 damage)
             ... on level 2 of the Dungeon.
             The game lasted 00:05:01 (1011 turns).

HASTUR3 the Insei (Octopode Transmuter)             Turns: 1011, Time: 00:05:02

Health: -1/33      AC:  2    Str: 10    XL:     5   Next: 5%
Magic:  3/8        EV: 20    Int: 15    God:
Gold:   132        SH:  0    Dex: 18    Spells: 2/8 levels left

rFire    . . .     SeeInvis .     - Unarmed
rCold    . . .     Gourm    .   (shield currently unavailable)
rNeg     + . .     Faith    .   (helmet currently unavailable)
rPois    .         Spirit   .   (no amulet)
rElec    .         Reflect  .   f - ring of poison resistance
rCorr    .         Harm     .   h - ring of positive energy
MR       .....                  (no ring)
Stlth    ++........             (no ring)
HPRegen  0.11/turn              (no ring)
MPRegen  0.11/turn              (no ring)
                                (no ring)
                                (no ring)

@: spider-form (expiring), very slightly contaminated
A: tiny, almost no armour, stealthy swim, (amphibious), 8 rings, (constrict 8)
a: End Transformation


You were on level 2 of the Dungeon.
You were hungry.
You were a venomous arachnid creature.
You visited 1 branch of the dungeon, and saw 2 of its levels.

You collected 132 gold pieces.

Inventory:

Missiles
 a - 12 arrows
Jewellery
 f - a ring of poison resistance (left front leg)
 h - a ring of positive energy (right front leg)
 l - an uncursed ring of protection from magic {unknown}
Scrolls
 d - a scroll of remove curse {unknown}
 e - a scroll of random uselessness {unknown}
 i - a scroll of identify
 j - a scroll of teleportation {unknown}
 k - a scroll of enchant armour {unknown}
Potions
 g - 4 potions of heal wounds {unknown}
Comestibles
 b - a chunk of flesh
 c - 3 rations


   Skills:
 - Level 1.0 Fighting
 - Level 2.0 Dodging
 + Level 2.7 Stealth
 - Level 3.5 Unarmed Combat
 - Level 2.0 Spellcasting
 + Level 3.4 Transmutations
 * Level 2.5 Poison Magic


You had 2 spell levels left.
You knew the following spells:

 Your Spells              Type           Power        Failure   Level  Hunger
a - Beastly Appendage     Tmut           ##....       16%         1    #......
b - Sticks to Snakes      Tmut           ##......     22%         2    ###....
c - Spider Form           Tmut/Pois      ##........   41%         3    ###....

Your spell library contained the following spells:

 Spells                   Type           Power        Failure   Level  Hunger
 Ice Form                 Ice/Tmut       #.......     88%         4    #####..
 Blade Hands              Tmut           ##........   94%         5    ######.


Dungeon Overview and Level Annotations

Branches:
Dungeon (2/15)

Altars:
Gozag
Okawaru

Annotations:
D:2 Sigmund


Innate Abilities, Weirdness & Mutations

You cannot wear most types of armour.
You are very stealthy in the water. (Stealth+)
((You are amphibious.))
You can wear up to eight rings at the same time.
((You can use your tentacles to constrict eight enemies at once.))
((Your skin changes colour to match your surroundings (Stealth+).))
((Your rubbery body absorbs attacks. (AC +1, EV +1)))


Message History

Your transformation is almost over.
Sigmund hits you with a +0 scythe!
* * * LOW HITPOINT WARNING * * *
You hit Sigmund but do no damage.
Sigmund is heavily wounded.
You hit Sigmund.
Sigmund looks as sick as possible!
Sigmund is heavily wounded.
Sigmund misses you.
You barely miss Sigmund.
Sigmund is severely wounded.
Sigmund misses you.
You hit Sigmund.
Sigmund looks as sick as possible!
Sigmund is almost dead.
You barely miss Sigmund.
Sigmund is almost dead.
Sigmund gestures wildly while chanting.
Sigmund flickers and vanishes!
Deactivating autopickup; reactivate with Ctrl-A.
You hit something. Something hits you!
You die...

#....♣.♣....
#.#...♣...#.
#........... ###########
##......#.##
..........###.......#...
..............#.....###.
.....$....#######.### #.
..........# #.# ##.
......{s..# #^# #..
............### #.# #..
###########....##.####..
###....#....# ######
#..#.#.##
#....######...#.##
##.##..............
######..#####...........
#......######.........#.


There were no monsters in sight!

Vanquished Creatures
  A bullfrog (D:2)
  Jessica (D:2)
  A dart slug (D:1)
  A leopard gecko (D:1)
  4 giant cockroaches
  6 goblins
  3 hobgoblins (D:1)
  2 kobolds (D:1)
  4 bats
  3 frilled lizards
  4 rats
30 creatures vanquished.

Notes
Turn   | Place    | Note
-------+----------+-------------------------------------------
     0 | D:1      | HASTUR3 the Octopode Transmuter began the quest for the
                  | Orb.
     0 | D:1      | Reached XP level 1. HP: 13/13 MP: 3/3
   184 | D:1      | Reached XP level 2. HP: 17/18 MP: 3/5
   293 | D:1      | Reached skill level 1 in Stealth
   334 | D:1      | Learned a level 2 spell: Sticks to Snakes
   614 | D:1      | Reached XP level 3. HP: 23/23 MP: 4/6
   799 | D:1      | Learned a level 3 spell: Spider Form
   870 | D:2      | Found an opulent altar of Gozag.
   914 | D:2      | Noticed a bullfrog
   922 | D:2      | Killed a bullfrog
   922 | D:2      | Reached XP level 4. HP: 19/28 MP: 5/7
   948 | D:2      | Found an iron altar of Okawaru.
   955 | D:2      | Noticed Jessica
   958 | D:2      | Killed Jessica
   958 | D:2      | Reached XP level 5. HP: 24/33 MP: 8/8
   991 | D:2      | Noticed Sigmund
  1011 | D:2      | Slain by Sigmund

Skill      XL: |  1  2  3 |
---------------+----------+-----
Stealth        | 1 2 |  2.7
Transmutations | 3 |  3.4
Poison Magic   | 2 |  2.5
Fighting       | |  1.0
Dodging        | |  2.0
Unarmed Combat | |  3.5
Spellcasting   | |  2.0

Action                   |  1- 3 |  4- 6 || total
-------------------------+-------+-------++-------
Melee: Unarmed           |    58 |    14 ||    72
       Constrict         |    20 |     1 ||    21
       Kick              |     9 |       ||     9
       Tentacles         |     8 |       ||     8
       Punch             |     2 |     1 ||     3
 Cast: Beastly Appendage |    10 |       ||    10
       Spider Form       |       |     1 ||     1
  Use: Scroll            |     3 |       ||     3
 Stab: Sleeping          |     2 |     1 ||     3
Armor: Skin              |     1 |       ||     1
Dodge: Dodged            |    26 |     6 ||    32
